 Dungeon Crawl Stone Soup version 0.15.0-27-gbdb0435 (webtiles) character file.

165845 Nebuchadnezzar the Bludgeoner (level 17, -3/125 (131) HPs)
             Began as a Demonspawn Berserker on Sept 10, 2014.
             Was the Champion of Trog.
             Engulfed by a cloud of foul pestilence (8 damage)
             ... on Level 5 of the Swamp on Sept 11, 2014.
             The game lasted 02:10:26 (42577 turns).

Nebuchadnezzar the Bludgeoner (DsBe)               Turns: 42577, Time: 02:10:27

HP  -3/125 (131) AC 42     Str 25      XL: 17   Next: 28%
MP   5/5         EV  6     Int  9      God: Trog [******]
Gold 2831        SH  0     Dex 12      Spells:  0 memorised, 16 levels left

rFire  + + .     SeeInvis +     e - +4 great mace (antimagic)
rCold  . . .     Clarity  +     N - +1 crystal plate armour
rNeg   + . .     rCorr    .     (no shield)
rPois  .         rRot     .     z - +2 hat {SInv}
rElec  +         Spirit   .     m - +0 cloak
SustAb .         Warding  .     (gloves unavailable)
rMut   .         Stasis   .     l - +2 pair of boots {Fly}
Gourm  .                        B - amulet of clarity
MR     +....                    A - ring of regeneration
                                R - ring of positive energy

@: lethally poisoned, flying, slowed, very slow, somewhat resistant to hostile
enchantments, extremely unstealthy
A: claws 3, iridescent scales 3, fire resistance 2, electricity resistance,
spiny 3
a: Burn Spellbooks, Berserk, Trog's Hand, Brothers in Arms, Renounce Religion,
Stop Flying


You were on level 5 of the Swamp.
You worshipped Trog.
Trog was exalted by your worship.
You were not hungry.

You visited 4 branches of the dungeon, and saw 32 of its levels.
You also visited: Bailey.

You collected 3295 gold pieces.
You spent 464 gold pieces at shops.

Inventory:

Hand weapons
 d - the +9 dire flail of Peetooj {crush, MR+}
   (Trog gifted it to you on level 12 of the Dungeon)

   It inflicts extra damage upon your enemies.
   It affects your resistance to hostile enchantments.
 e - a +4 antimagic great mace (weapon)
 v - a +5 great mace of flaming
 L - the +5 great mace "Zeoj" {drain, Contam rElec rPois rF++ Dex+2}
   (Trog gifted it to you on level 4 of the Orcish Mines)

   A truly terrible weapon, it drains the life of those it strikes.
   It affects your dexterity (+2).
   It greatly protects you from fire.
   It insulates you from electricity.
   It protects you from poison.
   It causes magical contamination when unequipped.
 O - a +0 longbow
 P - a +6 greatsling of freezing
Missiles
 j - 296 arrows
Armour
 l - a +2 pair of boots of flying (worn)
 m - a +0 cloak (worn)
 z - a +2 hat of see invisible (worn)
 N - a +1 crystal plate armour (worn)
Magical devices
 u - a wand of disintegration (13)
 C - a wand of fire (0)
 J - a wand of cold (5)
 S - a wand of draining (4)
 Y - a wand of invisibility (3)
Comestibles
 c - 13 bread rations
 K - 15 royal jellies
Scrolls
 a - 2 scrolls of recharging
 p - a scroll of enchant weapon
 q - 5 scrolls of remove curse
 r - a scroll of brand weapon
 y - 3 scrolls of teleportation
 F - 2 scrolls of magic mapping
 G - 7 scrolls of fear
 W - 5 scrolls of blinking
 Z - a scroll of summoning
Jewellery
 g - an uncursed ring of see invisible
 i - an uncursed ring of sustain abilities
 k - an uncursed ring of protection from fire
 o - an uncursed ring of teleport control
 t - an uncursed amulet of resist mutation
 A - a ring of regeneration (right claw)
 B - an amulet of clarity (around neck)
 H - an uncursed ring of poison resistance
 I - the ring of Irifoerug {-Tele +Rage +Fly rC+ rN+ Str-2 Int+4 SInv}
   (You found it on level 10 of the Dungeon)

   [ring of see invisible]

   It affects your strength (-2).
   It affects your intelligence (+4).
   It protects you from cold.
   It protects you from negative energy.
   It enhances your eyesight.
   It lets you fly.
   It lets you go berserk.
   It prevents most forms of teleportation.
 R - a ring of positive energy (left claw)
 V - an uncursed amulet of guardian spirit
Potions
 b - 2 potions of magic
 f - 4 potions of heal wounds
 h - a potion of cure mutation {unknown}
 n - 9 potions of curing
 s - 2 potions of cancellation
 w - 6 potions of might
 x - 5 potions of restore abilities
 D - 2 potions of resistance
 E - 5 potions of haste
 M - a potion of flight {unknown}
 Q - a potion of porridge


   Skills:
 - Level 11.1 Fighting
 - Level 18.9 Maces & Flails
 * Level 17.9 Armour
 - Level 1.7 Dodging
 - Level 3.1 Unarmed Combat


You had 16 spell levels left.
You didn't know any spells.

Dungeon Overview and Level Annotations

Branches:
Dungeon (15/15)            Temple (0/1) D:7             Orc (4/4) D:12
    Elf (0/3) Orc:3          Lair (8/8) D:8           Swamp (5/5) Lair:6
  Snake (0/5) Lair:4        Slime (0/6) Lair:6       Vaults (0/5) D:14
 Depths (0/5) D:15

Altars:
Fedhas
Kikubaaqudgha
Makhleb
Okawaru
Trog
Vehumet
Yredelemnul
Zin
The Shining One
Beogh
Jiyva

Shops:
D:8 (   D:9 %**%   D:12 %   D:13 %=*   Orc:4 %=}*

Annotations:
D:9 exclusion: 2 oklob saplings
Swamp:5 exclusion: oklob plant


Innate Abilities, Weirdness & Mutations

You have claws for hands.
You are completely covered in iridescent scales (AC +8).
Your flesh is very heat resistant.
You are completely covered in sharp spines.
You are resistant to electric shocks.


Message History

You are more poisoned.
* * * LOW HITPOINT WARNING * * *
x2 You feel extremely sick.
The warg bites you.
* * * LOW HITPOINT WARNING * * *
You barely miss the warg.
The warg is almost dead.
You are engulfed in dark miasma.
You are more poisoned.
You feel as though you will be slow longer.
* * * LOW HITPOINT WARNING * * *
x2 You feel extremely sick.
The warg closely misses you.
You sock the warg!
You kill the warg!
Trog accepts your kill.
You are engulfed in dark miasma.
You are more poisoned.
You feel as though you will be slow longer.
You die...

≈≈≈≈.≈≈≈.....♣♣♣♣♣♣♣♣
..≈≈≈≈≈≈≈≈≈......≈≈≈♣
...≈≈≈≈≈.≈≈≈≈..≈≈≈≈≈#
.♣≈.≈≈≈.≈♣≈§≈≈≈≈≈≈≈##
♣♣♣.≈..♣.#♣#≈≈≈≈≈###
♣ ♣♣♣♣♣♣.♣ #..≈≈## ♣
♣♣♣ #...### ****** ♣
##..%≈# **,,,,* ♣
#.§§@#**≈,,,,** ♣
##.§.#*,,,,,,,* ♣
***#§..##*,,,,,,** ♣
**,≈##...#*,,,,,,,* ♣
*,,,*##..##**,,,,,*
**,,,*#...##**,,,**
*,,,*##..§#**≈≈,**
**,,,*##≈..#*≈≈,,*
*,,,,*##§.#**,≈**


There were no monsters in sight!

Vanquished Creatures
  A thorn hunter (Swamp:5)
  Kirke (Swamp:4)
  An orc warlord (Bailey)
  Gastronok (Orc:1)
  A very ugly thing (D:11)
  A dire elephant (D:15)
  5 vault guards (D:14)
  Snorg (Lair:8)
  An ettin (D:12)
  Josephine (D:14)
  Fannar (Lair:7)
  A naga warrior (Lair:4)
  15 hydras
  2 alligators
  4 centaur warriors
  5 tengu warriors
  3 death yaks
  An ogre mage (D:14)
  6 orc high priests
  3 spriggans (Swamp:1)
  Nergalle (Lair:4)
  8 skeletal warriors (D:14)
  A deep elf knight (D:12)
  The ghost of Kashira the Thaumaturge, an experienced NaWz of Cheibriados (Bailey)
  4 unseen horrors
  A flayed ghost (D:12)
  The ghost of Yermak the Covert, an experienced SpWr (D:7)
  3 swamp dragons (Swamp:5)
  9 hill giants
  11 orc knights
  A spectral hydra (Swamp:5)
  A spriggan druid (Swamp:5)
  A deep elf conjurer (D:14)
  3 wizards
  A manticore (D:12)
  An orc sorcerer (Orc:2)
  3 griffons
  7 cyclopes
  A necromancer (D:13)
  26 ugly things
  12 elephants
  4 black mambas
  Maurice (Orc:3)
  2 centaur zombies (D:13)
  A torpor snail (Lair:4)
  3 gargoyles (D:14)
  23 spiny frogs
  Psyche (D:13)
  4 kobold demonologists
  5 fire drakes
  3 tengu conjurers
  7 komodo dragons
  2 swamp worm zombies (Swamp:5)
  A queen bee (Orc:2)
  3 wandering mushrooms (D:9)
  7 trolls
  3 hydra zombies
  A merfolk (D:15)
  A polar bear (Lair:8)
  37 blink frogs
  The ghost of Sedillia the Bolt Thrower, an average DgAM (D:5)
  3 two-headed ogres
  12 giant leeches
  3 bog bodies (Swamp:5)
  24 slime creatures
  A spectral swamp dragon (Swamp:5)
  3 alligator zombies (Swamp:5)
  15 ravens
  3 basilisks
  A fire dragon skeleton (D:15)
  2 deep elf magi
  3 shadows
  A hill giant zombie (D:12)
  66 yaks
  2 trapdoor spiders
  A wyvern (D:15)
  Grum (Orc:4)
  8 hippogriffs
  9 vampire mosquitoes
  3 wraiths
  A steam dragon (D:10)
  2 deep elf fighters
  11 wargs
  3 hill giant skeletons
  13 swamp worms
  Edmund (D:5)
  3 nagas (Lair:4)
  A mottled dragon (D:15)
  A soldier ant (D:14)
  13 wolves
  13 porcupines
  4 swamp drakes
  37 water moccasins
  7 ogres
  37 orc warriors
  5 sky beasts
  4 ice beasts
  3 black bears
  2 phantoms
  A boring beetle (Lair:5)
  3 yellow wasps (Swamp:1)
  5 swamp dragon zombies (Swamp:5)
  2 orc skeletons
  14 crocodiles
  2 necrophages
  2 big kobolds
  A brain worm (D:11)
  8 centaurs
  A yaktaur zombie (D:14)
  An elf skeleton (D:10)
  33 giant frogs
  2 yaktaur skeletons
  8 insubstantial wisps
  6 scorpions
  A troll zombie (D:10)
  A cyclops skeleton (D:10)
  6 wights
  29 killer bees
  A troll skeleton (D:10)
  A tengu skeleton (D:14)
  11 crimson imps
  2 electric eels (Lair:7)
  2 lava snakes (D:12)
  The ghost of TZer0 the Stinger, a weakling FeVM (D:3)
  A goliath beetle (D:8)
  2 giant frog zombies
  22 jellies
  A gnoll shaman (D:9)
  A quasit (D:12)
  2 centaur skeletons
  3 human zombies (D:10)
  2 giant frog skeletons
  9 hounds
  4 iguanas
  6 worker ants
  28 orc priests
  A kobold skeleton (D:14)
  4 polar bear simulacra (D:13)
  4 spectral orcs (Lair:4)
  A shapeshifter simulacrum (D:15)
  31 orc wizards
  A spectral swamp drake (Swamp:5)
  10 sheep
  A wolf simulacrum (D:13)
  2 ogre zombies
  2 yak simulacra (D:13)
  A sky beast zombie (D:6)
  A necrophage skeleton (D:12)
  A hound skeleton (D:10)
  4 mummies
  A worker ant zombie (D:6)
  123 green rats
  2 giant mites
  51 adders
  24 gnolls
  3 shadow imps
  2 worms
  An inept feature mimic (Orc:1)
  An adder zombie (D:6)
  An adder skeleton (D:4)
  5 giant geckos
  5 oozes
  186 orcs
  21 bats
  A bat skeleton (D:4)
  8 giant cockroaches
  42 goblins
  33 hobgoblins
  18 jackals
  13 quokkas
  2 ball pythons
  A giant gecko zombie (D:5)
  8 giant newts
  2 giant spores (D:12)
  A gnoll zombie (D:6)
  4 green rat simulacra (D:13)
  A jackal zombie (D:6)
  26 kobolds
  28 rats
  17 ballistomycetes
  A fungus (Lair:5)
  A plant (Lair:5)
1506 creatures vanquished.

Vanquished Creatures (collateral kills)
  Rupert (Lair:5)
  A frost giant (D:12)
  A hydra (Lair:7)
  A spectral orc (Lair:4)
  3 spiny frogs (Lair:7)
  Grinder (D:4)
  A shadow (D:12)
  An orc wizard (D:4)
  A green rat (Lair:5)
  An orc (D:12)
12 creatures vanquished.

Vanquished Creatures (others)
  A tengu warrior (D:14)
  An unseen horror (D:14)
  A wizard (D:15)
  A two-headed ogre (Lair:4)
  A human (Swamp:4)
  A swamp worm (Swamp:5)
  An ogre (Lair:5)
  A worker ant (D:14)
  An orc (D:12)
  A giant spore (D:14)
  11 fungi
  14 plants
35 creatures vanquished.

Grand Total: 1553 creatures vanquished

Notes
Turn   | Place    | Note
--------------------------------------------------------------
     0 | D:1      | Nebuchadnezzar, the Demonspawn Berserker, began the quest for the Orb.
     0 | D:1      | Reached XP level 1. HP: 18/18 MP: 1/1
   384 | D:1      | Gained mutation: You have sharp fingernails. [demonic ancestry]
   384 | D:1      | Reached XP level 2. HP: 22/24 MP: 2/2
   737 | D:1      | Acquired Trog's second power
   913 | D:1      | Gained mutation: You are partially covered in sharp spines. [demonic ancestry]
   913 | D:1      | Reached XP level 3. HP: 29/29 MP: 3/3
  1721 | D:2      | Reached XP level 4. HP: 33/35 MP: 4/4
  2083 | D:3      | Found an ancient bone altar of Kikubaaqudgha.
  2123 | D:3      | Noticed TZer0's ghost (weakling FeVM)
  2131 | D:3      | Killed TZer0's ghost
  2637 | D:3      | Gained mutation: You are partially covered in iridescent scales (AC +4). [demonic ancestry]
  2637 | D:3      | Reached XP level 5. HP: 41/41 MP: 5/5
  3307 | D:3      | Reached skill level 1 in Unarmed Combat
  3607 | D:4      | Noticed a phantom
  4142 | D:4      | Gained mutation: Your flesh is heat resistant. [demonic ancestry]
  4142 | D:4      | Reached XP level 6. HP: 47/47 MP: 6/6
  4214 | D:4      | Acquired Trog's third power
  4329 | D:4      | Reached skill level 4 in Maces & Flails
  4550 | D:4      | Noticed Grinder
  4765 | D:4      | Killed Grinder
  4765 | D:4      | Reached skill level 5 in Maces & Flails
  4882 | D:4      | Noticed a phantom
  4916 | D:4      | Killed a phantom
  4916 | D:4      | Gained mutation: You have very sharp fingernails. [demonic ancestry]
  4916 | D:4      | Reached XP level 7. HP: 49/52 MP: 7/7
  4982 | D:4      | Noticed an ogre
  4999 | D:4      | Killed an ogre
  4999 | D:4      | Reached skill level 6 in Maces & Flails
  5291 | D:5      | Entered Level 5 of the Dungeon
  5399 | D:5      | Noticed Edmund
  5424 | D:5      | Killed Edmund
  5525 | D:5      | Reached skill level 7 in Maces & Flails
  5532 | D:5      | Reached XP level 8. HP: 58/58 MP: 8/8
  5607 | D:5      | Noticed Sedillia's ghost (average DgAM)
  5632 | D:5      | Killed Sedillia's ghost
  5632 | D:5      | Reached skill level 8 in Maces & Flails
  6084 | D:6      | Reached skill level 9 in Maces & Flails
  6225 | D:6      | Found a glowing silver altar of Zin.
  6541 | D:6      | Reached skill level 10 in Maces & Flails
  6541 | D:6      | Reached XP level 9. HP: 63/63 MP: 9/9
  6601 | D:7      | Noticed a hill giant
  6618 | D:7      | Killed a hill giant
  6751 | D:7      | Reached skill level 11 in Maces & Flails
  6997 | D:7      | Noticed Yermak's ghost (experienced SpWr)
  7126 | D:7      | Killed Yermak's ghost
  7361 | D:7      | Found a staircase to the Ecumenical Temple.
  7419 | D:7      | Reached skill level 12 in Maces & Flails
  7586 | D:7      | Received a gift from Trog
  7775 | D:8      | Reached XP level 10. HP: 68/70 MP: 3/10
  7841 | D:8      | Found an iron altar of Okawaru.
  7930 | D:8      | Noticed Blork the orc
  7978 | D:8      | Reached skill level 5 in Armour
  8140 | D:8      | Noticed Blork
  8140 | D:8      | Blork the orc changed into Blork the scorpion
  8151 | D:8      | Killed Blork the scorpion
  8187 | D:8      | Found a burning altar of Makhleb.
  8188 | D:8      | Found a radiant altar of Vehumet.
  8306 | D:8      | Found a staircase to the Lair.
  8417 | D:8      | Found Modugy's Weapon Shoppe.
  8781 | D:8      | Received a gift from Trog
  8815 | Lair:1   | Entered Level 1 of the Lair of Beasts
  9749 | Lair:1   | Noticed a black mamba
  9764 | Lair:1   | Killed a black mamba
 10553 | Lair:2   | Reached XP level 11. HP: 67/75 MP: 3/11
 10699 | Lair:2   | Reached skill level 10 in Armour
 11430 | Lair:2   | Noticed a black mamba
 11443 | Lair:2   | Killed a black mamba
 11807 | Lair:3   | Received a gift from Trog
 11883 | Lair:3   | Reached skill level 5 in Fighting
 13331 | Lair:4   | Noticed a four-headed hydra
 13337 | Lair:4   | Killed a four-headed hydra
 13547 | Lair:4   | HP: 4/89 [elephant (12)]
 13923 | Lair:4   | Noticed a naga warrior
 14332 | Lair:3   | Received a gift from Trog
 14349 | Lair:3   | Got a dazzling flail {god gift}
 14350 | Lair:3   | Identified the +4 flail "Vamnu" {flame, rN+} (Trog gifted it to you on level 3 of the Lair of Beasts)
 14394 | Lair:4   | Gained mutation: You are mostly covered in sharp spines. [demonic ancestry]
 14394 | Lair:4   | Reached XP level 12. HP: 97/97 MP: 4/12
 14480 | Lair:4   | Killed a naga warrior
 14480 | Lair:4   | Reached skill level 10 in Fighting
 15304 | Lair:4   | Found a staircase to the Snake Pit.
 15412 | Lair:4   | Noticed Nergalle
 15453 | Lair:4   | Killed Nergalle
 16396 | Lair:4   | Received a gift from Trog
 16403 | Lair:4   | Reached skill level 13 in Maces & Flails
 17064 | Lair:5   | Noticed Rupert
 17066 | Lair:5   | Paralysed by Rupert for 4 turns
 17365 | Lair:5   | Paralysed by Rupert for 7 turns
 17366 | Lair:5   | Killed Rupert
 17502 | Lair:5   | Reached skill level 14 in Maces & Flails
 17574 | Lair:5   | Gained mutation: You are completely covered in sharp spines. [demonic ancestry]
 17574 | Lair:5   | Reached XP level 13. HP: 48/106 MP: 13/13
 17798 | Lair:5   | Received a gift from Trog
 18623 | Lair:6   | Upgraded the game from 0.15.0-25-gd84c1e8 to 0.15.0-27-gbdb0435
 18626 | Lair:6   | Found a staircase to the Swamp.
 18733 | Lair:6   | Found a staircase to the Slime Pits.
 19133 | Lair:6   | Reached skill level 15 in Maces & Flails
 20116 | Lair:7   | Noticed Fannar
 20137 | Lair:7   | Killed Fannar
 20443 | Lair:7   | Received a gift from Trog
 20559 | Lair:7   | Found a glowing golden altar of the Shining One.
 20752 | Lair:7   | Reached skill level 16 in Maces & Flails
 21151 | Lair:8   | Entered Level 8 of the Lair of Beasts
 21508 | Lair:8   | Noticed Snorg
 21518 | Lair:8   | Killed Snorg
 22025 | Lair:7   | Gained mutation: You have claws for hands. [demonic ancestry]
 22025 | Lair:7   | Reached XP level 14. HP: 58/113 MP: 14/14
 22292 | Lair:8   | Received a gift from Trog
 22605 | Lair:8   | Reached skill level 17 in Maces & Flails
 24903 | Lair:4   | Received a gift from Trog
 25080 | D:9      | Found Qomug's General Store.
 25092 | D:9      | Bought a scroll of identify for 24 gold pieces
 25119 | D:9      | Found Kosom's Assorted Antiques.
 25262 | D:9      | Reached skill level 18 in Maces & Flails
 25276 | D:9      | Found a blossoming altar of Fedhas.
 25407 | D:9      | Found Ojaag's Food Boutique.
 25781 | D:9      | Found Ufag's Food Boutique.
 25902 | D:10     | Entered Level 10 of the Dungeon
 25996 | D:10     | Got a fine amber ring
 26013 | D:10     | Identified the ring of Irifoerug {-Tele +Rage +Fly rC+ rN+ Str-2 Int+4 SInv} (You found it on level 10 of the Dungeon)
 26496 | D:10     | Found an ancient bone altar of Kikubaaqudgha.
 27083 | D:11     | Received a gift from Trog
 28434 | D:12     | Gained mutation: You are mostly covered in iridescent scales (AC +6). [demonic ancestry]
 28434 | D:12     | Reached XP level 15. HP: 108/118 MP: 15/15
 28462 | D:12     | Received a gift from Trog
 28463 | D:12     | Got a dazzling dire flail {god gift}
 28464 | D:12     | Identified the +9 dire flail of Peetooj {crush, MR+} (Trog gifted it to you on level 12 of the Dungeon)
 28593 | D:12     | Noticed a frost giant
 28860 | D:12     | Found a staircase to the Orcish Mines.
 29192 | D:12     | Noticed a frost giant
 29294 | D:12     | Found a viscous altar of Jiyva.
 29295 | D:12     | Found a viscous altar of Jiyva.
 29462 | D:12     | Found Ciysm's Food Shop.
 29715 | D:12     | Killed a frost giant
 30379 | D:12     | Got a slimy tin ring
 30404 | D:12     | Identified the cursed ring of Bodily Harmony {-Tele Str+1 Slay-3 SInv} (You found it on level 12 of the Dungeon)
 30644 | D:13     | Received a gift from Trog
 30941 | D:13     | Found Kuizanuc's Food Emporium.
 31039 | D:13     | Noticed Psyche
 31049 | D:13     | Killed Psyche
 31332 | D:13     | Found Smoat's Jewellery Boutique.
 31403 | D:13     | Found Cody's General Store.
 31406 | D:13     | Bought an uncursed amulet of clarity for 220 gold pieces
 31407 | D:13     | Bought an uncursed ring of poison resistance for 220 gold pieces
 32093 | D:14     | Received a gift from Trog
 32285 | D:14     | Noticed Josephine
 32786 | D:14     | Killed Josephine
 33084 | D:14     | Noticed a sphinx
 33084 | D:14     | Noticed a tengu reaver
 33291 | D:14     | Reached XP level 16. HP: 73/125 MP: 5/16
 33517 | D:14     | Found a gate to the Vaults.
 34243 | D:15     | Entered Level 15 of the Dungeon
 34329 | D:15     | Reached skill level 15 in Armour
 34342 | D:15     | Received a gift from Trog
 34585 | D:15     | Found a bloodstained altar of Trog.
 34699 | D:15     | Found a basalt altar of Yredelemnul.
 34740 | D:15     | Found a staircase to the Depths.
 35613 | Orc:1    | Entered Level 1 of the Orcish Mines
 35836 | Orc:3    | Found a flagged portal.
 35850 | Orc:3    | Received a gift from Trog
 35855 | Bailey   | Entered a bailey
 35855 | Bailey   | Noticed Kashira's ghost (experienced NaWz)
 35869 | Bailey   | Killed Kashira's ghost
 36251 | Bailey   | Received a gift from Trog
 36437 | Orc:3    | Noticed Maurice
 36645 | Orc:3    | Found a staircase to the Elven Halls.
 36683 | Orc:3    | Killed Maurice
 37105 | Orc:3    | Received a gift from Trog
 37580 | Orc:1    | Found a roughly hewn altar of Beogh.
 37738 | Orc:1    | Noticed Gastronok
 37769 | Orc:1    | Killed Gastronok
 38114 | Orc:2    | Received a gift from Trog
 38565 | Orc:4    | Entered Level 4 of the Orcish Mines
 38792 | Orc:4    | Received a gift from Trog
 38815 | Orc:4    | Got an iridescent great mace {god gift}
 38816 | Orc:4    | Identified the +5 great mace "Zeoj" {drain, Contam rElec rPois rF++ Dex+2} (Trog gifted it to you on level 4 of the Orcish Mines)
 38953 | Orc:4    | Noticed Grum
 38961 | Orc:4    | Killed Grum
 40005 | Orc:4    | Found Ekloipn's Food Emporium.
 40005 | Orc:4    | Found Emaotz's Gadget Shoppe.
 40005 | Orc:4    | Found Quem's Jewellery Emporium.
 40006 | Orc:4    | Found Thraasm's Assorted Antiques.
 40405 | Swamp:1  | Entered Level 1 of the Swamp
 41156 | Swamp:3  | Gained mutation: You are completely covered in iridescent scales (AC +8). [demonic ancestry]
 41156 | Swamp:3  | Reached XP level 17. HP: 127/131 MP: 17/17
 41199 | Swamp:4  | Gained mutation: Your flesh is very heat resistant. [potion of beneficial mutation]
 41200 | Swamp:4  | Gained mutation: You are resistant to electric shocks. [potion of beneficial mutation]
 41221 | Swamp:4  | Noticed Kirke
 41231 | Swamp:4  | Killed Kirke
 41273 | Swamp:5  | Entered Level 5 of the Swamp
 41287 | Swamp:5  | Received a gift from Trog
 42576 | Swamp:5  | HP: 5/126 [poisoned by dark miasma]
 42577 | Swamp:5  | Engulfed by a cloud of foul pestilence

Action                   |  1- 3 |  4- 6 |  7- 9 | 10-12 | 13-15 | 16-18 || total
-------------------------+-------+-------+-------+-------+-------+-------++-------
Melee: Mace              |   155 |    92 |       |       |       |       ||   247
       Flail             |       |   219 |   388 |       |       |       ||   607
       Dire flail        |       |       |    23 |   468 |   506 |   917 ||  1914
       Great mace        |       |       |       |   592 |  1082 |   461 ||  2135
 Fire: Shortbow          |       |       |       |       |     1 |       ||     1
       Longbow           |       |       |       |       |       |     8 ||     8
Throw: Javelin           |       |       |     5 |     3 |       |       ||     8
       Throwing net      |       |       |       |     2 |       |       ||     2
Invok: Berserk           |       |     3 |     6 |     2 |     2 |     3 ||    16
       Brothers in Arms  |       |     1 |       |     3 |     2 |       ||     6
       Burn Spellbooks   |       |       |     1 |     1 |     2 |     1 ||     5
       Trog's Hand       |       |       |       |     1 |       |     1 ||     2
Evoke: Wand              |       |       |     4 |     7 |     9 |     1 ||    21
  Use: Scroll            |       |     5 |     9 |     8 |    17 |     5 ||    44
       Potion            |       |       |       |     1 |     4 |     3 ||     8
 Stab: Distracted        |       |       |       |     1 |       |       ||     1
  Eat: Chunk             |     2 |    10 |     8 |    21 |    23 |    14 ||    78
       Fruit             |       |     3 |       |     4 |     8 |       ||    15
       Pizza             |       |     1 |     2 |       |     3 |       ||     6
       Meat ration       |       |       |     1 |     1 |     3 |     1 ||     6
       Beef jerky        |       |       |     1 |       |     3 |     1 ||     5
       Bread ration      |       |       |       |     1 |     1 |     5 ||     7
